 Dungeon Crawl Stone Soup version 0.31-a0-819-gf6de2f5ab6 (webtiles) character file.

Game seed: 3638927135992571617

3633 TheScarfBastard the Cleaver (level 9, -9/177 HPs)
             Began as a Green Draconian Berserker on Sept 23, 2023.
             Was an Elder of Trog.
             Mangled by a two-headed ogre
             ... wielding a +0 giant club
              (13 damage)
             ... on level 9 of the Dungeon.
             The game lasted 00:24:29 (5472 turns).

TheScarfBastard the Cleaver (DrBe)                  Turns: 5472, Time: 00:24:29

Health: -9/177     AC: 24    Str: 23    XL:     9   Next: 87%
Magic:  9/9        EV:  2    Int:  8    God:    Trog [****..]
Gold:   446        SH:  0    Dex: 13    Spells: 8/8 levels left

rFire   . . .        f - +8 hand axe "Besoaf" {heavy, Fly rElec Dex+2}
rCold   + . .        (no shield)
rNeg    . . .        (body armour unavailable)
rPois   +            (helmet currently unavailable)
rElec   +            h - melded +2 cloak
rCorr   .            (gloves currently unavailable)
SInv    .            (boots currently unavailable)
Will    .....        e - amulet of faith Stlth
                     j - ring of protection from cold
HPRegen 0.49/turn    (no ring)
MPRegen 0.11/turn

%: faith
@: berserking, tree-form, very quick
A: stationary, stasis, torment immunity, boosted hp, (breathe noxious fumes), AC
+7, unfitting armour, (poison resistance), (cold-blooded), (hooves 1)
a: Renounce Religion, Berserk, Trog's Hand, Brothers in Arms


You were on level 9 of the Dungeon.
You worshipped Trog.
Trog was greatly pleased with you.
You were a tree.
You visited 2 branches of the dungeon, and saw 10 of its levels.

You collected 446 gold pieces.

Inventory:

Hand Weapons
 a - a +0 falchion
 b - a +0 dagger of venom
 f - the +8 hand axe "Besoaf" (weapon) {heavy, Fly rElec Dex+2}
   (You found it on level 2 of the Dungeon)

   Dex+2:     It affects your dexterity (+2).
   rElec:     It insulates you from electricity.
   Fly:       It grants you flight.
 g - a +2 quarterstaff of chaos
Armour
 h - a +2 cloak (melded)
Jewellery
 e - an amulet of faith (around neck)
 j - a ring of protection from cold (left branch)
Talismans
 d - a serpent talisman
Wands
 c - a wand of flame (4)
 m - a wand of mindburst (14)
 s - a wand of roots (8)
Scrolls
 i - a scroll of noise
 n - a scroll of teleportation
 q - a scroll of fear {unknown}
 r - 2 scrolls of immolation
 u - a scroll of torment
Potions
 k - a potion of magic
 o - a potion of mutation
 p - a potion of degeneration
 t - 2 potions of haste
 v - a potion of attraction {unknown}


   Skills:
 + Level 7.2 Fighting
 + Level 0.4(3.0) Short Blades
 + Level 4.9 Long Blades
 + Level 9.0 Axes
 + Level 6.7 Dodging
 + Level 4.7 Stealth


You had 8 spell levels left.
You didn't know any spells.
Your spell library was empty.

Dungeon Overview and Level Annotations

Branches:
Dungeon (9/15)               Lair (1/5) D:8
 Temple: D:4-7          Orc: D:9-12

Altars:
Ashenzari
Dithmenos
Fedhas
Gozag
Trog

Shops:
D:5 *

Annotations:
D:4 1 transporter, Newt's ghost, amateur KoHs
D:7 3 runed translucent doors, pigah's ghost, novice OpSh
D:8 exclusion: ice statue


Innate Abilities, Weirdness & Mutations

You are a tree.
Your roots penetrate the ground, keeping you stationary.
You cannot be teleported.
You are immune to unholy pain and torment.
Your maximum health is greatly increased.
Your equipment is partially melded.
((You can breathe blasts of noxious fumes.))
((Your lurid green scales are hard. (AC +7)))
You cannot fit into any form of body armour.
((Your system is resistant to poisons. (rPois)))
((You are cold-blooded and may be slowed by cold attacks.))
((You have large cloven feet.))


Message History

The two-headed ogre hits you with a +0 giant spiked club!!
You barely miss the two-headed ogre.
You tail-slap the two-headed ogre, but do no damage.
The two-headed ogre is moderately wounded.
The two-headed ogre hits you with a +0 giant club.
The two-headed ogre misses you.
Aiming: Breathe Noxious Fumes (4% risk of failure)
Press: ? - help, Shift-Dir - straight line, f - two-headed ogre
Aim: a two-headed ogre, wielding a +0 giant club and a +0 giant spiked club (moderately wounded, 81% to hit)
You exhale a blast of noxious fumes.
The blast of choking fumes hits the two-headed ogre.
The two-headed ogre is heavily wounded.
Unknown command.
You slice the two-headed ogre!! You kick the two-headed ogre.
The two-headed ogre is almost dead.
The two-headed ogre is engulfed in noxious fumes.
The two-headed ogre appears confused.
The two-headed ogre is engulfed in noxious fumes.
The two-headed ogre seems less confused.
The two-headed ogre hits you with a +0 giant club!
The two-headed ogre hits you but does no damage.
The two-headed ogre hits you with a +0 giant club!
* * * LOW HITPOINT WARNING * * *
The two-headed ogre barely misses you.
You hit the two-headed ogre. You kick the two-headed ogre.
Your tail-slap misses the two-headed ogre.
The two-headed ogre is almost dead.
The two-headed ogre barely misses you.
The two-headed ogre hits you with a +0 giant spiked club!
* * * LOW HITPOINT WARNING * * *
Unknown command.
You turn into a tree.
Your +2 cloak melds into your body.
Your roots penetrate the ground.
You have got your breath back.
Unknown command.
A red film seems to cover your vision as you go berserk!
You feel yourself moving faster!
You feel mighty! Trog will no longer gift you weapons.
The two-headed ogre hits you with a +0 giant club!
You die...

#.. #..+###
######### ###.....#
#.......# #.......#
+....>..# #.......#
#.......# #.......#
#.......###.......#
#....O..'.#.....).#
#....♣..#.'.......#
######+####....)).#
######'## #..#
####'### #......#
+......# #......#
#....<.#


You could see a two-headed ogre.

Vanquished Creatures
  Eustachio (D:5)
  A wyvern (D:7)
  4 yaks (D:8)
  A sky beast (D:8)
  An ice beast (D:6)
  2 orc warriors
  3 ogres
  6 centaurs
  A kobold brigand (D:7)
  A gnoll sergeant (D:7)
  3 bullfrogs
  3 scorpions
  3 killer bees (D:8)
  3 howler monkeys (D:8)
  4 orc priests
  6 hounds
  4 jellies
  2 sleepcaps
  Crazy Yiuf (D:2)
  Ijyb (D:4)
  Jessica (D:2)
  2 iguanas
  4 orc wizards
  6 adders
  4 gnolls (D:7)
  2 white imps
  2 ufetubi
  3 dart slugs
  45 orcs
  2 bats
  4 giant cockroaches
  6 goblins
  9 hobgoblins
  12 kobolds
  3 quokkas
  7 ball pythons
  4 frilled lizards
  A rat (D:1)
168 creatures vanquished.

Vanquished Creatures (others)
  An orc (D:9)
1 creature vanquished.

Grand Total: 169 creatures vanquished

Notes
Turn   | Place    | Note
-------+----------+-------------------------------------------
     0 | D:1      | TheScarfBastard the Draconian Berserker began the quest for
                  | the Orb.
     0 | D:1      | Reached XP level 1. HP: 19/19 MP: 1/1
   301 | D:1      | Reached XP level 2. HP: 22/26 MP: 2/2
   527 | D:2      | Reached XP level 3. HP: 24/33 MP: 3/3
   586 | D:2      | Noticed Jessica
   597 | D:2      | Killed Jessica
   840 | D:2      | Reached XP level 4. HP: 40/40 MP: 4/4
   965 | D:2      | Reached ** piety under Trog
  1044 | D:2      | Found a faded altar of an unknown god.
  1054 | D:2      | Gained mutation: You have large cloven feet. [potion of
                  | mutation]
  1105 | D:2      | Identified the +8 hand axe "Besoaf" {heavy, Fly rElec
                  | Dex+2}
  1156 | D:2      | Found a runed translucent door.
  1157 | D:2      | Noticed Crazy Yiuf
  1161 | D:2      | Killed Crazy Yiuf
  1369 | D:3      | Found an opulent altar of Gozag.
  1471 | D:3      | Reached skill level 1 in Stealth
  1471 | D:3      | Reached XP level 5. HP: 46/46 MP: 5/5
  1905 | D:4      | Noticed a centaur
  1907 | D:4      | Reached skill level 1 in Axes
  1912 | D:4      | Killed a centaur
  1913 | D:4      | Reached XP level 6. HP: 47/53 MP: 6/6
  2031 | D:4      | Found a transporter.
  2036 | D:4      | Noticed Newt's ghost (amateur KoHs)
  2041 | D:4      | Noticed Ijyb
  2052 | D:4      | Killed Ijyb
  2059 | D:4      | Reached skill level 2 in Axes
  2184 | D:4      | HP: 3/79 [ogre/+0 giant club (25)]
  2186 | D:4      | Your scales start taking on a lurid green colour.
  2186 | D:4      | Reached XP level 7. HP: 4/60 MP: 7/7
  2186 | D:4      | Gained mutation: Your system is resistant to poisons.
                  | (rPois) [Green Draconian growth]
  2387 | D:4      | Reached skill level 3 in Axes
  2635 | D:4      | Reached *** piety under Trog
  2726 | D:5      | Entered Level 5 of the Dungeon
  2762 | D:5      | Noticed Eustachio
  2769 | D:5      | Killed Eustachio
  2770 | D:5      | Reached skill level 5 in Fighting
  2770 | D:5      | Reached skill level 4 in Axes
  2811 | D:5      | Found Qohuzab's Gadget Gallery.
  3101 | D:5      | Reached XP level 8. HP: 56/68 MP: 8/8
  3322 | D:6      | Reached skill level 5 in Axes
  3637 | D:6      | Reached skill level 5 in Dodging
  3733 | D:6      | Reached skill level 6 in Axes
  3889 | D:7      | Found a blossoming altar of Fedhas.
  3909 | D:7      | Reached **** piety under Trog
  4210 | D:7      | Reached skill level 7 in Axes
  4210 | D:7      | Reached XP level 9. HP: 62/75 MP: 9/9
  4306 | D:7      | Found a runed translucent gate.
  4308 | D:7      | Found a runed translucent gate.
  4308 | D:7      | Noticed pigah's ghost (novice OpSh)
  4309 | D:7      | Found a runed translucent gate.
  4372 | D:7      | Found a bloodstained altar of Trog.
  4494 | D:8      | Found a shadowy altar of Dithmenos.
  4638 | D:8      | Noticed an ice devil
  4640 | D:8      | Noticed an ice statue
  4640 | D:8      | Noticed an ice devil
  4640 | D:8      | Noticed an ice devil
  4642 | D:8      | Noticed an ice devil
  4643 | D:8      | Noticed an ice devil
  4852 | D:8      | Reached skill level 8 in Axes
  4878 | D:8      | Found a staircase to the Lair.
  4955 | Lair:1   | Entered Level 1 of the Lair of Beasts
  4955 | Lair:1   | Noticed a cane toad
  4955 | Lair:1   | Noticed a komodo dragon
  4992 | D:8      | Found a broken altar of Ashenzari.
  5037 | D:8      | Identified the +2 robe "Jocoggal" {Fly rCorr Str-5 Stlth+}
  5286 | D:8      | Reached ***** piety under Trog
  5429 | D:9      | Reached skill level 9 in Axes
  5447 | D:9      | Noticed a two-headed ogre
  5470 | D:9      | HP: 1/79 [two-headed ogre/+0 giant club (15)]
  5472 | D:9      | Mangled by a two-headed ogre

Illustrated notes

Levels and vault maps discovered:
D:1:      minmay_arrival_glassed_features, layout_loops_cross,
          minmay_crystal_water, nrook_campfire
D:2:      layout_basic, ebering_ecumenical_altar_mist, kennysheep_path_1,
          uniq_jessica, uniq_crazy_yiuf_cottage
D:3:      layout_rooms, mainiacjoe_overflow_paths, serial_glass,
          glass_columns_b, glass_columns_c, glass_columns_a, glass_columns_a
D:4:      layout_loops_ring, minmay_temple_entry_enclosed_plants,
          gammafunk_ghost_mausoleum, uniq_ijyb
D:5:      nicolae_BIG_FREAKIN_CUBE, layout_rooms, nicolae_shop_gadgets,
          uniq_eustachio
D:6:      layout_basic
D:7:      layout_gridville, mainiacjoe_overflow_big_doors,
          biasface_ghost_orc_armoury, minivault_19
D:8:      cheibrodos_frozen_isle, layout_basic,
          grunt_dithmenos_smoke_and_mirrors, nicolae_ashenzari_panopticon,
          lair_entry_dummy, special_room [special_room_orc]
D:9:      layout_roguey, nicolae_ru_great_annihilating_truth,
          hangedman_minor_magic
Lair:1:   layout_gridlike, infiniplex_staircase_pool, uniq_jeremiah

Skill      XL: |  1  2  3  4  5  6  7  8  9 |
---------------+----------------------------+-----
Dodging        | 3 4 5 6 |  6.7
Long Blades    | 4 |  4.9
Fighting       | 4 5 6 7 |  7.2
Stealth        | 1 2 3 4 |  4.7
Axes           | 1 2 4 7 9 |  9.0
Short Blades   | |  0.4

Action                     |  1- 3 |  4- 6 |  7- 9 || total
---------------------------+-------+-------+-------++-------
  Melee: Falchion          |    78 |     4 |       ||    82
         Tailslap          |     6 |     3 |    12 ||    21
         Punch             |     1 |       |     2 ||     3
         Hand axe          |       |    55 |   161 ||   216
         Dagger            |       |     9 |       ||     9
         Kick              |       |     7 |    36 ||    43
 Invoke: Berserk           |     2 |     5 |     7 ||    14
         Trog's Hand       |       |       |     1 ||     1
Ability: Breathe Noxious F |       |       |     3 ||     3
    Use: Potion            |     2 |     3 |     5 ||    10
         Scroll            |     2 |     2 |     4 ||     8
   Stab: Sleeping          |       |     3 |     4 ||     7
 Armour: Skin              |    61 |    41 |   168 ||   270
  Dodge: Dodged            |    47 |    56 |   180 ||   283

Table legend: (Time is in decaauts)
 A = Elapsed time spent in this place.
 B = Non-inter-level travel time spent in this place.
 C = Inter-level travel time spent in this place.
 D = Time resting spent in this place.
 E = Time spent auto-exploring this place.
 F = Levels seen in this place.
 G = Mean time per level.
                   A        B        C        D        E       F      G
               +--------+--------+--------+--------+--------+-----+--------+
         Total |   5701 |   5500 |    201 |      0 |   2918 |  10 |  570.1 |
       Dungeon |   5699 |   5498 |    201 |      0 |   2918 |   9 |  633.2 |
          Lair |      1 |      1 |      0 |      0 |      0 |   1 |    1.0 |
               +--------+--------+--------+--------+--------+-----+--------+

Top non-repeatable levels by time:
     D:8: 955 daAuts
     D:4: 880 daAuts
     D:2: 877 daAuts
     D:7: 675 daAuts
     D:5: 612 daAuts
     D:3: 591 daAuts
     D:6: 528 daAuts
     D:1: 510 daAuts
     D:9: 69 daAuts
  Lair:1: 1 daAuts
